 Dungeon Crawl Stone Soup version 0.30-a0-557-ge2afbf3030 (webtiles) character file.

Game seed: 11817655299546309192

318 jfcaron the Chopper (level 6, -3/48 HPs)
             Began as a Demonspawn Monk on Dec 28, 2022.
             Splashed by a jelly's acid (9 damage)
             ... on level 5 of the Dungeon.
             The game lasted 00:06:04 (3600 turns).

jfcaron the Chopper (Demonspawn Monk)               Turns: 3600, Time: 00:06:05

Health: -3/48      AC: -2    Str: 13    XL:     6   Next: 21%
Magic:  15/15      EV:  4    Int: 11    God:
Gold:   139        SH:  8    Dex: 16    Spells: 5/5 levels left

rFire   . . .      SeeInvis .    a - +0 hand axe
rCold   + . .      Faith    .    k - +0 kite shield
rNeg    . . .      Spirit   .    y - +0 chain mail
rPois   .          Reflect  .    C - +0 helmet
rElec   .          Harm     .    (no cloak)
rCorr   .          Rampage  .    (no gloves)
Will    .....                    (no boots) Stlth
                                 (no amulet)
HPRegen 0.28/turn                u - ring of protection from cold
MPRegen 0.14/turn                z - ring of magical power

@: corroded
A: claws 2, powered by pain 1
a: no special abilities


You were on level 5 of the Dungeon.
You visited 1 branch of the dungeon, and saw 5 of its levels.

You collected 139 gold pieces.

Inventory:

Hand Weapons
 a - a +0 hand axe (weapon)
 j - a +1 sling of flaming
   (You found it on level 3 of the Dungeon)
 w - a +0 morningstar
Missiles
 s - 6 stones (quivered)
 x - 2 boomerangs
 A - 4 javelins
Armour
 b - a +0 robe
 h - a +0 leather armour
 k - a +0 kite shield (worn)
 y - a +0 chain mail (worn)
 C - a +0 helmet (worn)
Magical Staves
 l - a staff of conjuration
   (You found it on level 1 of the Dungeon)
Jewellery
 u - a ring of protection from cold (left claw)
   (You found it on level 4 of the Dungeon)
 z - a ring of magical power (right claw)
Wands
 p - a wand of charming (14)
   (You found it on level 3 of the Dungeon)
Scrolls
 d - a scroll of immolation {unknown}
 f - 2 scrolls of vulnerability {unknown}
 g - 2 scrolls of magic mapping {unknown}
 o - 4 scrolls of identify {unknown}
 t - a scroll of fear {unknown}
Potions
 c - a potion of ambrosia
 i - a potion of berserk rage {unknown}
 m - a potion of might {unknown}
 n - a potion of curing
 q - 6 potions of heal wounds {unknown}
 r - a potion of haste {unknown}
 v - a potion of magic {unknown}
 B - a potion of mutation {unknown}
 D - a potion of resistance {unknown}


   Skills:
 + Level 4.2 Fighting
 * Level 4.8 Axes
 + Level 0.5 Armour
 - Level 3.0 Dodging
 - Level 2.0 Stealth
 + Level 2.1 Shields


You had 5 spell levels left.
You didn't know any spells.
Your spell library contained the following spells:

 Spells                   Type           Power      Damage    Failure   Level
 Foxfire                  Conj/Fire      0%         2x1d4     100%        1
 Slow                     Hex            0%         N/A       100%        1
 Blink                    Tloc           0%         N/A       100%        2
 Confusing Touch          Hex            0%         N/A       100%        3
 Inner Flame              Hex/Fire       0%         N/A       100%        3
 Vampiric Draining        Necr           0%         2d6       100%        3
 Flame Wave               Conj/Fire      0%         2d4       100%        4
 Manifold Assault         Tloc           0%         N/A       100%        4
 Sticky Flame             Conj/Fire      0%         2d3       100%        4
 Storm Form               Tmut/Air       0%         N/A       100%        7


Dungeon Overview and Level Annotations

Branches:
Dungeon (5/15)
 Temple: D:4-7

Altars:
Hepliaklqana
Sif Muna
Trog

Shops:
D:2 (


Innate Abilities, Weirdness & Mutations

You have very sharp fingernails.
You sometimes gain a little power by taking damage.


Message History

There is an open door, spattered with blood here.
You see here a +0 mace.
There is a stone staircase leading down here.
You climb downwards.
There is a stone staircase leading up here.
A jelly comes into view.
Found a stone staircase leading down.
You throw a poisoned dart. The poisoned dart hits the jelly.
You throw a poisoned dart. The poisoned dart hits the jelly.
You throw a poisoned dart. The poisoned dart hits the jelly.
You throw a stone.
The stone hits the jelly but does no damage.
You hit the jelly.
Your claws burn!
The jelly is moderately wounded.
You block the jelly's attack. x2
You hit the jelly. The acid corrodes you!
Your claws burn!
The jelly is heavily wounded.
The jelly hits you.
You are splashed with acid!
You hit the jelly.
Your claws burn!
The jelly is severely wounded.
The jelly hits you but does no damage.
You hit the jelly but do no damage. The acid corrodes you!
Your claws burn!
The jelly is severely wounded.
You block the jelly's attack.
You are too injured to fight recklessly!
You are too injured to fight recklessly!
You are too injured to fight recklessly!
You are too injured to fight recklessly!
You are too injured to fight recklessly!
You hit the jelly but do no damage. The acid corrodes you!
Your claws burn!
The jelly is severely wounded.
You block the jelly's attack. The jelly hits you.
You are splashed with acid!
* * * LOW HITPOINT WARNING * * *
You hit the jelly but do no damage.
Your claws burn!
* * * LOW HITPOINT WARNING * * *
The jelly is severely wounded.
The jelly hits you.
* * * LOW HITPOINT WARNING * * *
You are splashed with acid!
You die...

###..####...##.
...# .###....##
###.... ....#
.........# ##...
.....##..###...##
#... ../...#.#
##...## #....
#......#
##...##.....
##......#
##...#.##..
........# #.÷..#
##. ......J@##
##<÷.## #.
......>#.## #÷...#
####..###.####....#
#(.# ##.##.....#
.(## #....####.# ##
##..## ## #.## ###


You could see a jelly.

Vanquished Creatures
  Menkaure (D:4)
  Jessica (D:3)
  An orc wizard (D:3)
  A gnoll (D:3)
  8 adders
  3 worms (D:2)
  2 orcs
  5 ball pythons
  5 endoplasms
  2 giant cockroaches
  5 goblins
  2 hobgoblins (D:2)
  9 jackals
  2 kobolds
  4 bats (D:1)
  3 frilled lizards
  6 rats
60 creatures vanquished.

Notes
Turn   | Place    | Note
-------+----------+-------------------------------------------
     0 | D:1      | jfcaron the Demonspawn Monk began the quest for the Orb.
     0 | D:1      | Reached XP level 1. HP: 18/18 MP: 1/1
   121 | D:1      | Gained mutation: You sometimes gain a little power by
                  | taking damage. [demonic ancestry]
   121 | D:1      | Reached XP level 2. HP: 14/24 MP: 2/2
   827 | D:2      | Found Kuruhet's Weapon Boutique.
   828 | D:2      | Found a faded altar of an unknown god.
   846 | D:2      | Gained mutation: You have sharp fingernails. [demonic
                  | ancestry]
   846 | D:2      | Reached XP level 3. HP: 15/29 MP: 3/3
   934 | D:2      | HP: 5/29 [adder (3)]
   943 | D:2      | HP: 5/29 [poisoned by an adder]
  1463 | D:2      | Reached XP level 4. HP: 31/35 MP: 4/4
  1900 | D:3      | Reached skill level 1 in Shields
  1973 | D:3      | You fall into a shaft and drop 2 floors!
  1973 | D:5      | Entered Level 5 of the Dungeon
  2026 | D:4      | Noticed Menkaure
  2136 | D:4      | Killed Menkaure
  2137 | D:4      | Reached XP level 5. HP: 25/42 MP: 5/5
  2353 | D:4      | Found a hazy altar of Hepliaklqana.
  2951 | D:3      | Gained mutation: You have very sharp fingernails. [demonic
                  | ancestry]
  2951 | D:3      | Reached XP level 6. HP: 45/48 MP: 6/6
  3253 | D:3      | Found a bloodstained altar of Trog.
  3276 | D:3      | Found a shimmering blue altar of Sif Muna.
  3276 | D:3      | Noticed Jessica
  3282 | D:3      | Killed Jessica
  3286 | D:3      | Got Sif Muna's Secrets of Kindling
  3600 | D:5      | HP: 7/48 [acid (5)]
  3600 | D:5      | Splashed by a jelly's acid

Illustrated notes

Levels and vault maps discovered:
D:1:      saegor_arrival_simple_a, layout_loops_ring, grunt_decor_mini_mirrors
D:2:      layout_loops_ring, serial_shops, nicolae_shop_bloodbath_and_beyond,
          ebering_ecumenical_altar_abandoned
D:3:      layout_basic, nzn_overflow_gifts_of_might_and_magic
D:4:      layout_basic, worldfamousw_hep_ancestral_shrine,
          gammafunk_ghost_necromancy, uniq_menkaure
D:5:      layout_layer_cave, lemuel_round_altar, xom_teletrap_fun, uniq_ijyb,
          uniq_edmund

Skill      XL: |  1  2  3  4  5 |
---------------+----------------+-----
Stealth        | 2 |  2.0
Axes           | 3 4 |  4.8
Dodging        | 3 |  3.0
Shields        | 1 2 |  2.1
Fighting       | 4 |  4.2
Armour         | |  0.5

Action                   |  1- 3 |  4- 6 || total
-------------------------+-------+-------++-------
Melee: Hand axe          |   130 |   110 ||   240
       Punch             |     1 |       ||     1
Throw: Dart              |    16 |    39 ||    55
       Stone             |     6 |     3 ||     9
  Use: Potion            |     1 |       ||     1
 Stab: Sleeping          |     2 |     2 ||     4
Armor: Robe              |     6 |       ||     6
       Leather armour    |    23 |    10 ||    33
       Chain mail        |       |    28 ||    28
Dodge: Dodged            |    88 |    40 ||   128
Block: Kite shield       |    21 |    49 ||    70

Table legend: (Time is in decaauts)
 A = Elapsed time spent in this place.
 B = Non-inter-level travel time spent in this place.
 C = Inter-level travel time spent in this place.
 D = Time resting spent in this place.
 E = Time spent auto-exploring this place.
 F = Levels seen in this place.
 G = Mean time per level.
                   A        B        C        D        E       F      G
               +--------+--------+--------+--------+--------+-----+--------+
         Total |   3677 |   3443 |    234 |    507 |   2261 |   5 |  735.4 |
       Dungeon |   3677 |   3443 |    234 |    507 |   2261 |   5 |  735.4 |
               +--------+--------+--------+--------+--------+-----+--------+

Top non-repeatable levels by time:
     D:2: 1076 daAuts
     D:3: 911 daAuts
     D:1: 855 daAuts
     D:4: 661 daAuts
     D:5: 171 daAuts

Table legend:
 A = Kills in this place as a percentage of kills in entire the game.
 B = Kills by you in this place as a percentage of kills by you in the entire game.
 C = Kills by friends in this place as a percentage of kills by friends in the entire game.
 D = Other kills in this place as a percentage of other kills in the entire game.
 E = Experience gained in this place as a percentage of experience gained in the entire game.
 F = Experience gained in this place divided by the number of levels of this place that you have seen.
                   A       B       C       D       E      F
               +-------+-------+-------+-------+-------+----------------------
         Total | 100.0 | 100.0 |   N/A |   N/A | 100.0 |  91.0
       Dungeon | 100.0 | 100.0 |   N/A |   N/A | 100.0 |  91.0
               +-------+-------+-------+-------+-------+----------------------
